 Dungeon Crawl Stone Soup version 0.26-a0-30-g56b8cd3df0 (webtiles) character file.

Game seed: 944666339541456971, levelgen mode: deterministic

7621 Fingolfin the Frost Mage (level 11, -6/97 HPs)
             Began as a Naga Ice Elementalist on June 3, 2020.
             Was a High Priest of Cheibriados.
             Mangled by a death yak (15 damage)
             ... in a Gauntlet.
             The game lasted 00:51:28 (9152 turns).

Fingolfin the Frost Mage (Naga Ice Elementalist)    Turns: 9152, Time: 00:51:28

Health: -6/97      AC: 10    Str: 24    XL:     11   Next: 18%
Magic:  0/17       EV: 14    Int: 32    God:    Cheibriados [*****.]
Gold:   514        SH:  6    Dex: 24    Spells: 4/18 levels left

rFire    + . .     SeeInvis +   a - +2 short sword (vamp)
rCold    + . .     Gourm    .   E - +0 buckler
rNeg     . . .     Faith    .   J - +1 robe {MR+}
rPois    +         Spirit   .   e - +2 hat
rElec    +         Reflect  .   (no cloak)
rCorr    .         Harm     .   N - +1 pair of gloves of the Evening Star {+Blink rElec rC+ Slay+3}
MR       +++..     NoTele   +   (no barding)
Stlth    ++++......             c - amulet of magic regeneration
HPRegen  0.26/turn              x - ring of protection from magic
MPRegen  0.40/turn              C - ring of protection from fire

@: lethally poisoned (-6 -> -7), frozen ramparts, very slow
A: large, see invisible, deformed body, poison resistance, slowness 2, slow
metabolism 1, spit poison 1, AC +3
a: Spit Poison, Bend Time, Temporal Distortion, Slouch, Step From Time, Renounce
Religion, Evoke Blink


You were in a Gauntlet.
You worshipped Cheibriados.
Cheibriados was extremely pleased with you.
You were not hungry.

You visited 2 branches of the dungeon, and saw 11 of its levels.
You also visited: Gauntlet.

You collected 514 gold pieces.

Inventory:

Hand Weapons
 a - a +2 vampiric short sword (weapon)
 b - a +5 trident
 t - a +2 flail of distortion
Armour
 e - a +2 hat (worn)
 E - a +0 buckler (worn)
 J - a +1 robe of magic resistance (worn)
 L - a +1 cloak of stealth
 N - the +1 pair of gloves of the Evening Star (worn) {+Blink rElec rC+ Slay+3}
   (You found it in a Gauntlet)

   It affects your accuracy and damage with ranged weapons and melee attacks
   (+3).
   It protects you from cold.
   It insulates you from electricity.
   It lets you blink.
Jewellery
 c - an amulet of magic regeneration (around neck)
 x - a ring of protection from magic (left hand)
 C - a ring of protection from fire (right hand)
 M - a +6 ring of dexterity {unknown}
Wands
 j - a wand of digging (2)
 k - a wand of enslavement (9)
 o - a wand of paralysis (13)
 y - a wand of polymorph (10)
 D - a wand of disintegration (25)
Scrolls
 f - 2 scrolls of teleportation {unknown}
 g - a scroll of enchant weapon {unknown}
 i - a scroll of acquirement {unknown}
 l - 2 scrolls of enchant armour {unknown}
 q - a scroll of fog {unknown}
 r - 2 scrolls of fear {unknown}
 z - 5 scrolls of remove curse
 A - a scroll of noise {unknown}
 B - 3 scrolls of amnesia {unknown}
 F - a scroll of vulnerability {unknown}
 K - 2 scrolls of immolation {unknown}
Potions
 h - 2 potions of haste {unknown}
 m - 3 potions of stabbing
 n - 2 potions of flight {unknown}
 p - 4 potions of brilliance
 s - 3 potions of curing {unknown}
 u - 5 potions of might
 v - 3 potions of heal wounds
 w - 2 potions of lignification {unknown}
 G - a potion of magic {unknown}
 I - a potion of resistance {unknown}
 O - a potion of invisibility
Comestibles
 d - 10 rations


   Skills:
 - Level 6.0 Fighting
 + Level 4.3 Armour
 + Level 4.7 Dodging
 + Level 5.3 Stealth
 - Level 2.4 Shields
 - Level 4.0 Spellcasting
 - Level 5.0 Conjurations
 - Level 5.0 Summonings
 - Level 8.0 Ice Magic
 - Level 6.0 Invocations
 + Level 4.9 Evocations


You had 4 spell levels left.
You knew the following spells:

 Your Spells              Type           Power        Failure   Level  Hunger
a - Freeze                Ice            ####         1%          1    None
c - Frozen Ramparts       Ice            ######       1%          3    ##.....
d - Summon Ice Beast      Ice/Summ       #####...     3%          4    ####...
e - Hailstorm             Conj/Ice       #####...     3%          4    ####...
t - Apportation           Tloc           #.....       5%          1    None
B - Summon Butterflies    Summ           #####...     1%          1    None

Your spell library contained the following spells:

 Spells                   Type           Power        Failure   Level  Hunger
 Foxfire                  Conj/Fire      ###.         1%          1    None
 Ozocubu's Armour         Chrm/Ice       ####....     3%          3    ##.....
 Sting                    Tmut/Pois      #...         5%          1    None
 Conjure Flame            Conj/Fire      ###.....     6%          3    ##.....
 Poisonous Vapours        Pois/Air       #.....       9%          2    None
 Mephitic Cloud           Conj/Pois/Air  ###.....     9%          3    ##.....
 Ignite Poison            Fire/Tmut/Pois #.......     17%         3    ##.....
 Inner Flame              Hex/Fire       #.......     17%         3    ##.....
 Lesser Beckoning         Tloc           #.........   17%         3    ##.....
 Tukima's Dance           Hex            #.......     17%         3    ##.....
 Sticky Flame             Conj/Fire      ###.....     21%         4    ####...
 Olgreb's Toxic Radiance  Pois           #.......     50%         4    ####...
 Fireball                 Conj/Fire      ###.......   50%         5    #####..
 Alistair's Intoxication  Tmut/Pois      #.......     83%         5    #####..
 Invisibility             Hex            #.......     100%        6    #######


Dungeon Overview and Level Annotations

Branches:
Dungeon (10/15)            Temple (0/1) D:6            Lair (1/6) D:10
    Orc (0/2) D:10        Gauntlet (1/1)

Altars:
Cheibriados
Dithmenos
Fedhas
Qazlal
Yredelemnul

Annotations:
D:10 exclusion: freezing wraith Gauntlet 8 transporters, exclusion: ice statue


Innate Abilities, Weirdness & Mutations

You cannot wear boots.
Your serpentine skin is tough. (AC +3)
You have supernaturally acute eyesight. (SInv)
Armour fits poorly on your strangely shaped body.
Your system is resistant to poisons. (rPois)
You cover ground very slowly.
You have a slow metabolism.
You can spit poison.


Message History

Okay, then.
Unknown command.
You feel sick.
You puncture the death yak!
You feel better.
The death yak is severely wounded.
The death yak misses you.
You blink.
You feel slightly more hungry.
Casting: Summon Ice Beast (dangerous; 3% risk of failure)
Confirm with . or Enter, or press ? or * to list all spells.
The walls around you are covered in ice.
The wall freezes the death yak. x2
You hit the death yak.
You feel better.
The death yak is severely wounded.
The wall freezes the death yak!
The death yak barely misses you.
The wall freezes the death yak.
You blink.
You feel slightly more hungry.
The wall freezes the death yak!
The death yak gores you!
* * * LOW HITPOINT WARNING * * *
The wall freezes the death yak!
The death yak gores you!
You die...

.##.##.##.##.## ...............≈
# 8.8.8.8.8.8.8.8.8 #8
≈...............≈
##########.#########.###
#§.......#.#..≈∩≈..#.#..
###........#©#.......#©#..
#8#..###########...#######
###..#....@Y...#...#.Y.#.#
#....#.#.).Y§#.#...#..#...
###....#..##.##.[#...#[## .
#8#..###..##.##..#...#k.##.#
#..#©#..#.©.#.©#...#©.#.©..
#..#.#..##.##./#...#!.##.#.
###..#.#..##.##..#...#?##...#
#8#..#.#.#.....#.#...#..#...#
#######..#.#.........#...#...#.#.


You could see 2 death yaks.

Vanquished Creatures
  A death yak (Gauntlet)
  A necromancer (Gauntlet)
  2 komodo dragons
  A blink frog (Lair:1)
  A hippogriff (Lair:1)
  A human (D:7)
  A hog (D:7)
  Grum (D:9)
  2 swamp worms (Gauntlet)
  2 ice beasts (D:9)
  2 orc warriors (D:7)
  A black bear (D:9)
  A phantom (D:6)
  4 ogres
  4 centaurs
  A wolf (D:9)
  A big kobold (D:9)
  6 bullfrogs
  A scorpion (D:6)
  A wight (D:8)
  3 howler monkeys
  A crimson imp (D:5)
  A centaur zombie (D:8)
  A bullfrog skeleton (D:4)
  A jelly (D:6)
  A gnoll shaman (D:4)
  8 orc priests
  3 hounds
  3 iguanas
  8 orc wizards
  Jessica (D:2)
  Ijyb (D:3)
  4 worker ants
  A hound zombie (D:9)
  A hound skeleton (D:4)
  13 gnolls
  12 adders
  A shadow imp (D:8)
  An ooze (D:2)
  3 worms
  5 dart slugs
  5 leopard geckos
  26 orcs
  2 ball pythons (D:4)
  6 giant cockroaches
  6 goblins
  9 hobgoblins
  10 jackals
  5 quokkas
  6 bats
  4 frilled lizards
  A jackal skeleton (D:8)
  10 kobolds
  2 leopard gecko skeletons (D:4)
  5 rats
205 creatures vanquished.

Vanquished Creatures (collateral kills)
  A death yak (Gauntlet)
  A gargoyle (D:10)
  2 rime drakes (Gauntlet)
  3 blink frogs (Lair:1)
  A hippogriff (Lair:1)
  3 hogs (D:7)
  2 hungry ghosts
  A phantom (D:8)
  A wolf (D:9)
  A centaur (D:10)
  A scorpion (D:7)
  3 wights (D:8)
  A gnoll shaman (D:9)
  A bullfrog skeleton (D:6)
  2 orc wizards
  A hound (D:6)
  An orc priest (D:6)
  A centaur skeleton (D:5)
  2 worker ants
  A worker ant zombie (D:5)
  4 gnolls (D:9)
  10 orcs
  2 jackals (D:6)
  2 quokkas
48 creatures vanquished.

Vanquished Creatures (others)
  4 fungi (Gauntlet)
  18 plants
22 creatures vanquished.

Grand Total: 275 creatures vanquished

Notes
Turn   | Place    | Note
-------+----------+-------------------------------------------
     0 | D:1      | Fingolfin the Naga Ice Elementalist began the quest for the
                  | Orb.
     0 | D:1      | Reached XP level 1. HP: 15/15 MP: 3/3
    92 | D:1      | Reached skill level 1 in Fighting
   120 | D:1      | Reached XP level 2. HP: 25/25 MP: 5/5
   510 | D:1      | Reached XP level 3. HP: 33/33 MP: 6/6
   515 | D:1      | Learned a level 3 spell: Frozen Ramparts
  1163 | D:2      | Reached XP level 4. HP: 30/40 MP: 7/7
  1253 | D:2      | Found a snail-covered altar of Cheibriados.
  1277 | D:2      | Became a worshipper of Cheibriados the Contemplative
  1395 | D:2      | Noticed Jessica
  1399 | D:2      | Killed Jessica
  1541 | D:2      | Reached skill level 5 in Ice Magic
  1541 | D:2      | Reached XP level 5. HP: 46/46 MP: 6/9
  1965 | D:2      | Reached * piety under Cheibriados
  2151 | D:3      | Learned a level 4 spell: Hailstorm
  2291 | D:3      | Found a shadowy altar of Dithmenos.
  2338 | D:3      | Reached XP level 6. HP: 43/55 MP: 7/10
  2532 | D:3      | Noticed Ijyb
  2537 | D:3      | Killed Ijyb
  2537 | D:3      | Reached skill level 1 in Conjurations
  2659 | D:3      | Reached ** piety under Cheibriados
  3214 | D:4      | Reached skill level 6 in Ice Magic
  3253 | D:4      | Reached XP level 7. HP: 56/61 MP: 1/13
  3270 | D:4      | Learned a level 4 spell: Summon Ice Beast
  3392 | D:4      | Reached *** piety under Cheibriados
  3481 | D:4      | You fall into a shaft and drop 2 floors!
  3481 | D:6      | Found a staircase to the Ecumenical Temple.
  3494 | D:6      | Reached skill level 1 in Summonings
  3502 | D:6      | Reached skill level 1 in Invocations
  3516 | D:6      | Reached XP level 8. HP: 20/69 MP: 10/14
  3531 | D:6      | Reached skill level 1 in Evocations
  3955 | D:5      | Entered Level 5 of the Dungeon
  4127 | D:4      | Reached **** piety under Cheibriados
  4431 | D:5      | Found a blossoming altar of Fedhas.
  4841 | D:6      | Reached skill level 5 in Conjurations
  5157 | D:7      | Reached XP level 9. HP: 76/76 MP: 12/15
  5163 | D:7      | Reached skill level 1 in Shields
  5388 | D:7      | Reached skill level 7 in Ice Magic
  5388 | D:7      | Reached skill level 5 in Invocations
  5393 | D:7      | Reached ***** piety under Cheibriados
  6326 | D:8      | Found a basalt altar of Yredelemnul.
  6464 | D:8      | Reached skill level 8 in Ice Magic
  6486 | D:8      | Reached skill level 5 in Summonings
  6486 | D:8      | Reached XP level 10. HP: 72/84 MP: 16/16
  6631 | D:9      | Reached skill level 1 in Armour
  6882 | D:9      | Noticed Grum
  6884 | D:9      | Killed Grum
  7175 | D:9      | Reached skill level 5 in Fighting
  7474 | D:10     | Entered Level 10 of the Dungeon
  7474 | D:10     | Noticed a gargoyle
  7479 | D:10     | Killed a gargoyle
  7541 | D:10     | Found a stormy altar of Qazlal.
  7683 | D:10     | Learned a level 1 spell: Summon Butterflies
  7685 | D:10     | Learned a level 1 spell: Apportation
  7733 | D:10     | Found a staircase to the Orcish Mines.
  7868 | D:10     | Found a staircase to the Lair.
  8213 | Lair:1   | Entered Level 1 of the Lair of Beasts
  8230 | Lair:1   | Reached ****** piety under Cheibriados
  8340 | Lair:1   | Found a gate leading to a gauntlet.
  8349 | Gauntlet | Entered a Gauntlet
  8349 | Gauntlet | Found a transporter.
  8349 | Gauntlet | Found a transporter.
  8355 | Gauntlet | Found a transporter.
  8360 | Gauntlet | Found a transporter.
  8361 | Gauntlet | Noticed an eye of devastation
  8378 | Gauntlet | Noticed a catoblepas
  8379 | Gauntlet | Found a transporter.
  8379 | Gauntlet | Noticed a gargoyle
  8380 | Gauntlet | Noticed a torpor snail
  8388 | Gauntlet | Noticed a death yak
  8392 | Gauntlet | Found a transporter.
  8392 | Gauntlet | Found a transporter.
  8392 | Gauntlet | Noticed a catoblepas
  8393 | Gauntlet | Noticed a death yak
  8394 | Gauntlet | Noticed a death yak
  8394 | Gauntlet | Noticed a necromancer
  8395 | Gauntlet | Noticed a death yak
  8395 | Gauntlet | Noticed an unseen horror
  8395 | Gauntlet | a raiju changed into an unseen horror
  8398 | Gauntlet | an unseen horror changed into a meliai
  8398 | Gauntlet | Noticed a six-headed hydra
  8398 | Gauntlet | a catoblepas changed into a six-headed hydra
  8398 | Gauntlet | Noticed a spark wasp
  8398 | Gauntlet | a six-headed hydra changed into a spark wasp
  8400 | Gauntlet | Noticed a ghost moth
  8400 | Gauntlet | a spark wasp changed into a ghost moth
  8401 | Gauntlet | Noticed a lindwurm
  8401 | Gauntlet | a komodo dragon changed into a lindwurm
  8402 | Gauntlet | Noticed an ice dragon
  8402 | Gauntlet | a ghost moth changed into an ice dragon
  8405 | Gauntlet | Noticed a wolf spider
  8405 | Gauntlet | an ice dragon changed into a wolf spider
  8405 | Gauntlet | Noticed a spark wasp
  8405 | Gauntlet | a wolf spider changed into a spark wasp
  8405 | Gauntlet | Noticed an elephant
  8405 | Gauntlet | a lindwurm changed into an elephant
  8406 | Gauntlet | Noticed an anaconda
  8406 | Gauntlet | a spark wasp changed into an anaconda
  8406 | Gauntlet | Noticed a water nymph
  8406 | Gauntlet | an anaconda changed into a water nymph
  8407 | Gauntlet | Noticed a moth of wrath
  8407 | Gauntlet | a water nymph changed into a moth of wrath
  8410 | Gauntlet | Noticed an unseen horror
  8410 | Gauntlet | a soldier ant changed into an unseen horror
  8411 | Gauntlet | a moth of wrath changed into a redback
  8413 | Gauntlet | Found a transporter.
  8413 | Gauntlet | Noticed a salamander
  8413 | Gauntlet | a redback changed into a salamander
  8413 | Gauntlet | Noticed a manticore
  8413 | Gauntlet | a salamander changed into a manticore
  8417 | Gauntlet | Noticed an orb spider
  8417 | Gauntlet | a yak changed into an orb spider
  8417 | Gauntlet | a manticore changed into a redback
  8418 | Gauntlet | Noticed a two-headed ogre
  8418 | Gauntlet | a redback changed into a two-headed ogre
  8420 | Gauntlet | Found a transporter.
  8432 | Gauntlet | Noticed a cyclops
  8432 | Gauntlet | Noticed a moth of wrath
  8432 | Gauntlet | a cyclops changed into a moth of wrath
  8433 | Gauntlet | Noticed a death drake
  8433 | Gauntlet | a moth of wrath changed into a death drake
  8434 | Gauntlet | Noticed a glowing shapeshifter
  8434 | Gauntlet | a death drake changed into a glowing shapeshifter
  8435 | Gauntlet | Noticed an ettin
  8435 | Gauntlet | a glowing shapeshifter changed into an ettin
  8437 | Gauntlet | Noticed an alligator
  8437 | Gauntlet | an ettin changed into an alligator
  8439 | Gauntlet | Found a transporter.
  8449 | Gauntlet | Found a transporter.
  8496 | Gauntlet | Found a transporter.
  8550 | Gauntlet | Got a pair of dazzling gloves
  8556 | Gauntlet | Identified the +1 pair of gloves of the Evening Star
                  | {+Blink rElec rC+ Slay+3} (You found it in a Gauntlet)
  8699 | Gauntlet | Noticed an ice statue
  8699 | Gauntlet | Found a transporter.
  9134 | Gauntlet | Killed a necromancer
  9134 | Gauntlet | Reached XP level 11. HP: 38/97 MP: 5/17
  9134 | Gauntlet | Killed a death yak
  9134 | Gauntlet | Reached skill level 5 in Stealth
  9145 | Gauntlet | Killed a death yak
  9152 | Gauntlet | Mangled by a death yak

Illustrated notes

Levels and vault maps discovered:
D:1:      tarquinn_simple_flora_water_c, layout_basic, minmay_octomino_e4
D:2:      layout_loops_cross, old_standard_altar, uniq_jessica
D:3:      layout_loops_ring, nicolae_dithmenos_shadow_blocks, uniq_ijyb
D:4:      layout_basic, grunt_ministairs_1
D:5:      layout_rooms, lemuel_crystal_altar, first_ration
D:6:      layout_basic, temple_statues
D:7:      layout_basic, grunt_livestock
D:8:      layout_basic, yredelemnul_altar_generic
D:9:      layout_basic, uniq_grum
D:10:     layout_roguey, david_lair_shrubbed, orc_0_dummy, basic_altar
Lair:1:   layout_regular_city, gauntlet_entry_generic, serial_bayou,
          serial_bayou_lake_a, serial_bayou_pond_d, serial_bayou_lagoon_b,
          serial_bayou_shore_a, serial_bayou_pond_a
Gauntlet: gammafunk_gauntlet_branching [gammafunk_gauntlet_arena_crates,
          gammafunk_gauntlet_arena_grid, nicolae_gauntlet_arena_x,
          gammafunk_gauntlet_arena_open, gammafunk_gauntlet_arena_arrow_garden,
          gammafunk_gauntlet_arena_corners, gammafunk_gauntlet_arena_chambers,
          nicolae_gauntlet_arena_blocks, gauntlet_exit_green]

Skill      XL: |  1  2  3  4  5  6  7  8  9 10 11 |
---------------+----------------------------------+-----
Fighting       | 1 2 3 6 |  6.0
Ice Magic      | 5 6 8 |  8.0
Spellcasting   | 3 4 |  4.0
Conjurations   | 2 4 5 |  5.0
Summonings     | 1 2 5 |  5.0
Invocations    | 1 4 6 |  6.0
Evocations     | 2 4 |  4.9
Shields        | 2 |  2.4
Armour         | 4 |  4.3
Dodging        | 4 |  4.7
Stealth        | 4 5 |  5.3

Action                   |  1- 3 |  4- 6 |  7- 9 | 10-12 || total
-------------------------+-------+-------+-------+-------++-------
Melee: Mace              |    13 |       |       |       ||    13
       Dagger            |    18 |    27 |       |       ||    45
       Short sword       |       |    18 |   148 |     7 ||   173
       Hand axe          |       |       |    23 |       ||    23
       Trident           |       |       |    15 |   146 ||   161
 Cast: Frozen Ramparts   |     1 |     7 |    16 |    10 ||    34
       Freeze            |       |    27 |    32 |       ||    59
       Hailstorm         |       |     1 |     6 |     1 ||     8
       Summon Ice Beast  |       |       |    24 |    37 ||    61
       Apportation       |       |       |       |     3 ||     3
Invok: Slouch            |       |       |       |     1 ||     1
 Abil: Spit Poison       |    36 |    43 |    26 |     4 ||   109
       Evoke Blink       |       |       |       |     4 ||     4
Evoke: Wand              |       |       |       |     2 ||     2
       Phantom mirror    |       |       |       |     1 ||     1
  Use: Scroll            |       |       |     7 |       ||     7
       Potion            |       |       |       |     1 ||     1
 Stab: Sleeping          |       |     1 |     2 |     5 ||     8
       Distracted        |       |       |     2 |     2 ||     4
  Eat: Chunk             |     2 |     7 |    10 |     6 ||    25
       Ration            |       |       |     2 |     2 ||     4
Armor: Robe              |     2 |     4 |    12 |    61 ||    79
       Leather armour    |       |    10 |    60 |       ||    70
Dodge: Dodged            |    13 |    36 |   129 |    66 ||   244
Block: Buckler           |       |       |    29 |    38 ||    67

Table legend:
 A = Non-vault XP
 B = Vault XP
 C = Vault XP percentage of total XP
 D = Non-vault monster count
 E = Vault monster count
 F = Vault count percentage of total count
                 A         B        C        D         E       F
            +---------+---------+-------+---------+---------+-------
      Total |    6669 |    4219 |  38.7 |     230 |      23 |   9.1
            +---------+---------+-------+---------+---------+-------
        D:1 |      45 |       5 |  10.0 |      23 |       4 |  14.8
        D:2 |     147 |      37 |  20.1 |      22 |       1 |   4.3
        D:3 |     161 |      36 |  18.3 |      25 |       1 |   3.8
        D:4 |     696 |     116 |  14.3 |      31 |       1 |   3.1
        D:5 |     311 |       0 |   0.0 |      10 |       0 |   0.0
        D:6 |     748 |       0 |   0.0 |      32 |       0 |   0.0
        D:7 |     602 |     737 |  55.0 |      18 |       5 |  21.7
        D:8 |    1114 |       0 |   0.0 |      28 |       0 |   0.0
        D:9 |    1124 |     406 |  26.5 |      25 |       3 |  10.7
       D:10 |     434 |     191 |  30.6 |       9 |       1 |  10.0
     Lair:1 |    1287 |       0 |   0.0 |       7 |       0 |   0.0
   Gauntlet |       0 |    2691 | 100.0 |       0 |       7 | 100.0
            +---------+---------+-------+---------+---------+-------
